 Dungeon Crawl Stone Soup version 0.20-a0-656-g9b0dcd9 (console) character file.

254 Goblin1989 the Cudgeler (level 6, -3/42 HPs)
             Began as a Barachian Fighter on Feb 17, 2017.
             Was an Initiate of Hepliaklqana.
             Slain by a gnoll
             ... wielding a +3 halberd
              (6 damage)
             ... on level 3 of the Dungeon.
             The game lasted 00:05:35 (2673 turns).

Goblin1989 the Cudgeler (Barachian Fighter)         Turns: 2673, Time: 00:05:35

Health: -3/42      AC: 10    Str: 19    XL:     6   Next: 14%
Magic:  6/6        EV:  7    Int:  9    God:    Hepliaklqana [......]
Gold:   222        SH:  9    Dex: 11    Spells: 5/5 levels left

rFire    + . .     SeeInvis .   a - +0 flail
rCold    . . .     Gourm    .   b - +0 scale mail
rNeg     . . .     Faith    .   c - +0 shield
rPois    .         Spirit   .   x - +0 helmet
rElec    .         Reflect  .   v - +0 cloak
rCorr    .         Harm     .   k - +0 pair of gloves
MR       +....                  (no boots)
Stlth    ..........             (no amulet)
Regen    0.2/turn               f - ring of protection from fire
MPRegen  0.1/turn               m - ring of protection from magic

@: slow
A: swims, reduced essence, slowness 1, strong legs 1
a: Hop, Recall Ancestor, Ancestor Identity, Renounce Religion


You were on level 3 of the Dungeon.
You worshipped Hepliaklqana.
Hepliaklqana was noncommittal.
You were not hungry.

You visited 1 branch of the dungeon, and saw 3 of its levels.

You collected 222 gold pieces.

Inventory:

Hand Weapons
 a - a +0 flail (weapon)
Armour
 b - a +0 scale mail (worn)
 c - a +0 shield (worn)
 k - a +0 pair of gloves (worn)
 v - a +0 cloak (worn)
 x - a +0 helmet (worn)
Jewellery
 f - a ring of protection from fire (right hand)
 m - a ring of protection from magic (left hand)
 r - an uncursed ring of protection from magic
Scrolls
 g - 6 scrolls of identify {unknown}
 h - 2 scrolls of recharging {unknown}
 o - a scroll of enchant armour {unknown}
 p - 2 scrolls of remove curse {unknown}
 q - a scroll of fog {unknown}
 u - a scroll of amnesia {unknown}
 w - 2 scrolls of noise {unknown}
Potions
 d - 2 potions of heal wounds {unknown}
 i - a potion of lignification {unknown}
 j - a potion of berserk rage {unknown}
 s - 2 potions of cancellation {unknown}
 t - a potion of haste {unknown}
 z - a potion of flight {unknown}
 A - a potion of magic {unknown}
Comestibles
 e - 2 bread rations {@e1}
 l - 2 meat rations {@e2}


   Skills:
 - Level 3.2 Fighting
 + Level 6.2 Maces & Flails
 - Level 3.2 Armour
 - Level 3.0 Shields


You had 5 spell levels left.
You didn't know any spells.

Dungeon Overview and Level Annotations

Branches:
Dungeon (3/15)

Altars:
Dithmenos
Elyvilon
Hepliaklqana
Xom
Yredelemnul


Innate Abilities, Weirdness & Mutations

You can swim through water.
You cover ground slowly.
You can hop short distances.
Your life essence is reduced. (-10% HP)


Message History

You take 2 damage, and have 40/42 hp.
You closely miss the kobold. The kobold hits you but does no damage.
You closely miss the kobold. The kobold hits you with a short sword.
You closely miss the kobold. You block the kobold's attack.
You completely miss the kobold. The kobold hits you but does no damage.
You hit the kobold but do no damage. You block the kobold's attack.
You hit the kobold.
You kill the kobold!
No target in view!
No target in view!
No target in view!
No target in view!
No target in view!
No target in view!
No target in view!
No target in view!
No target in view!
No target in view!
No target in view!
No target in view!
No target in view!
You see here a short sword.
You swap places.
A - a red potion Health restored: 42 Some of the chunks of flesh in your inventory have rotted away.
You swap places.
You swap places.
All of the chunks of flesh in your inventory have rotted away. 2 gnolls come into view.
The gnoll shouts! x2
A gnoll comes into view. It is wielding a club.
The gnoll shouts!
A gnoll comes into view. It is wielding a halberd.
The gnoll shouts!
The gnoll hits you but does no damage. The gnoll closely misses you.
The gnoll hits you but does no damage.
You sock the gnoll!
The gnoll is severely wounded.
You block the gnoll's attack. The gnoll hits you with a flail!
The gnoll barely misses you.
Chakide closely misses the gnoll.
The gnoll hits you but does no damage.
You take 10 damage, and have 32/42 hp.
O_OOPS!!
MASSIVE DAMAGE!!
You hit the gnoll but do no damage.
The gnoll is severely wounded.
The gnoll closely misses you. The gnoll barely misses you.
Chakide hits the gnoll but does no damage.
The gnoll barely misses you.
The gnoll hits you from afar with a halberd.
You take 6 damage, and have 26/42 hp.
You closely miss the gnoll.
The gnoll is severely wounded.
The gnoll hits you but does no damage.
Chakide completely misses the gnoll.
The gnoll closely misses you. The gnoll barely misses you.
You completely miss the gnoll.
The gnoll is severely wounded.
You block the gnoll's attack. The gnoll hits you with a club.
Chakide closely misses the gnoll.
You block the gnoll's attack. The gnoll hits you with a flail!
* * * LOW HITPOINT WARNING * * *
You are too injured to fight recklessly!
You take 12 damage, and have 14/42 hp.
O_OOPS!!
MASSIVE DAMAGE!!
You are too injured to fight recklessly!
You are too injured to fight recklessly!
You are too injured to fight recklessly!
You are too injured to fight recklessly!
You are too injured to fight recklessly!
You are too injured to fight recklessly!
You are too injured to fight recklessly!
You are too injured to fight recklessly!
You are too injured to fight recklessly!
You are too injured to fight recklessly!
You are too injured to fight recklessly!
You are too injured to fight recklessly!
You are too injured to fight recklessly!
You are too injured to fight recklessly!
You are too injured to fight recklessly!
You are too injured to fight recklessly!
You are too injured to fight recklessly!
You are too injured to fight recklessly!
You are too injured to fight recklessly!
You are too injured to fight recklessly!
You are too injured to fight recklessly!
You are too injured to fight recklessly!
Unknown command.
The gnoll hits Chakide with a club.
Chakide hits the gnoll.
The gnoll dies!
The gnoll misses Chakide.
The gnoll hits you but does no damage.
Chakide barely misses the gnoll.
The gnoll hits Chakide with a flail.
Chakide hits the gnoll!
The gnoll hits Chakide with an enchanted halberd!
The gnoll completely misses Chakide.
Chakide hits the gnoll.
The gnoll hits you but does no damage.
The gnoll hits Chakide with an enchanted halberd!
Chakide is destroyed!
The gnoll completely misses you. The gnoll hits you with a halberd!
* * * LOW HITPOINT WARNING * * *
The gnoll hits you from afar with an enchanted halberd.
You die... ███████ █████

█.....███████
█...████████............
█.█..............█████..
█...███..........████...
██.████.████............
█.█............████....
████.█.██@████............
█.......█g██ ███..........
█.██.█...gg█ ██.████.███
█.██.█.....█ █.█ ██.██
█..........██████.███...█
█..█..........██...██...█
█..█..........██...██...█
█.............).......███
██.██.██..............████


You could see 3 gnolls.

Vanquished Creatures
  The ghost of anet the Vandal, an amateur HaHu (D:3)
  6 adders
  An ooze (D:2)
  2 worms
  2 dart slugs
  2 leopard geckos (D:3)
  2 orcs (D:3)
  4 bats
  4 giant cockroaches
  5 goblins
  5 hobgoblins
  4 jackals (D:1)
  A quokka (D:3)
  2 ball pythons (D:2)
  2 frilled lizards (D:2)
  9 kobolds
  7 rats
  A bush (D:1)
  2 plants (D:1)
62 creatures vanquished.

Vanquished Creatures (collateral kills)
  A gnoll (D:3)
  A bat (D:3)
2 creatures vanquished.

Vanquished Creatures (others)
  2 ancestors (D:3)
2 creatures vanquished.

Grand Total: 66 creatures vanquished

Notes
Turn   | Place    | Note
-------+----------+-------------------------------------------
     0 | D:1      | Goblin1989 the Barachian Fighter began the quest for the Orb.
     0 | D:1      | Reached XP level 1. HP: 18/18 MP: 1/1
   350 | D:1      | Reached XP level 2. HP: 24/24 MP: 2/2
   664 | D:1      | Reached skill level 3 in Maces & Flails
  1001 | D:2      | Reached XP level 3. HP: 29/29 MP: 3/3
  1067 | D:2      | Reached skill level 4 in Maces & Flails
  1073 | D:2      | Reached XP level 4. HP: 13/35 MP: 4/4
  1954 | D:3      | Found a white marble altar of Elyvilon.
  1955 | D:3      | Found a basalt altar of Yredelemnul.
  1955 | D:3      | Found a shadowy altar of Dithmenos.
  1956 | D:3      | Found a shimmering altar of Xom.
  1956 | D:3      | Found a hazy altar of Hepliaklqana.
  1974 | D:3      | Became a worshipper of Hepliaklqana the Forgotten
  2008 | D:3      | Noticed anet's ghost (amateur HaHu)
  2045 | D:3      | Killed anet's ghost
  2045 | D:3      | Reached skill level 6 in Maces & Flails
  2045 | D:3      | Reached XP level 5. HP: 16/36 MP: 5/5
  2288 | D:3      | Reached XP level 6. HP: 42/42 MP: 6/6
  2387 | D:3      | Found a faded altar of an unknown god.
  2673 | D:3      | Slain by a gnoll

Vault maps used:
D:1:      scummos_arrival_simple_crosswalls, serial_forest,
          infiniplex_forest_clump_large, infiniplex_forest_lined_3_way,
          infiniplex_forest_lined_3_way, infiniplex_forest_clump_double,
          infiniplex_forest_lined_room_, infiniplex_forest_straight_3,
          infiniplex_forest_clump_curved, infiniplex_forest_straight_2,
          infiniplex_forest_lined_1
D:3:      grunt_temple_overflow_open, chequers_ecumenical_altar_simple,
          minmay_tree_intersection, uniq_crazy_yiuf_cottage

Skill      XL: |  1  2  3  4 |
---------------+-------------+-----
Maces & Flails | 3 4 6 |  6.2
Fighting       | |  3.2
Armour         | |  3.2
Shields        | |  3.0

Action                   |  1- 3 |  4- 6 || total
-------------------------+-------+-------++-------
Melee: Flail             |   191 |   139 ||   330
  Use: Potion            |       |     1 ||     1
  Eat: Chunk             |     1 |     6 ||     7
Armor: Scale mail        |    51 |    55 ||   106
Dodge: Dodged            |    30 |    34 ||    64
Block: Shield            |    56 |    73 ||   129

Vault maps used:
D:1:      scummos_arrival_simple_crosswalls, serial_forest,
          infiniplex_forest_clump_large, infiniplex_forest_lined_3_way,
          infiniplex_forest_lined_3_way, infiniplex_forest_clump_double,
          infiniplex_forest_lined_room_, infiniplex_forest_straight_3,
          infiniplex_forest_clump_curved, infiniplex_forest_straight_2,
          infiniplex_forest_lined_1
D:3:      grunt_temple_overflow_open, chequers_ecumenical_altar_simple,
          minmay_tree_intersection, uniq_crazy_yiuf_cottage
